 Dungeon Crawl Stone Soup version 0.23.2-1-ga50397a (webtiles) character file.

Game seed: 17795957279155914190

102 troglodite the Digger (level 5, -4/36 HPs)
             Began as a Formicid Earth Elementalist on May 21, 2019.
             Killed by divine providence
             ... invoked by an orc priest
              (11 damage)
             ... on level 3 of the Dungeon.
             The game lasted 00:08:19 (2269 turns).

troglodite the Digger (Formicid Earth Elementalist) Turns: 2269, Time: 00:08:20

Health: -4/36      AC:  6    Str: 13    XL:     5   Next: 5%
Magic:  6/9        EV: 12    Int: 14    God:
Gold:   96         SH:  0    Dex: 12    Spells: 8/9 levels left

rFire    . . .     SeeInvis +   e - +0 dagger
rCold    . . .     Gourm    .   (no shield)
rNeg     . . .     Faith    .   c - +0 leather armour
rPois    .         Spirit   .   (helmet unavailable)
rElec    .         Reflect  .   (no cloak)
rCorr    .         Harm     .   (no gloves)
MR       .....                  (no boots)
Stlth    ++........             (no amulet)
HPRegen  0.12/turn              f - +3 ring of protection
MPRegen  0.11/turn              (no ring)

@: no status effects
A: permanent stasis, dig shafts and tunnels, four strong arms, antennae 3
a: Dig, Shaft Self


You were on level 3 of the Dungeon.
You were not hungry.

You visited 1 branch of the dungeon, and saw 3 of its levels.

You collected 96 gold pieces.

Inventory:

Hand Weapons
 e - a +0 dagger (weapon)
Missiles
 b - 42 stones (quivered)
Armour
 c - a +0 leather armour (worn)
Jewellery
 f - a +3 ring of protection (left hand)
Scrolls
 a - a scroll of magic mapping {unknown}
 g - 2 scrolls of fog {unknown}
 j - a scroll of teleportation {unknown}
 k - a scroll of enchant armour {unknown}
Potions
 h - a potion of agility {unknown}
 l - a potion of heal wounds
Comestibles
 d - 5 rations
 i - 4 chunks of flesh


   Skills:
 * Level 0.8 Fighting
 * Level 1.6 Short Blades
 * Level 1.6 Armour
 + Level 1.9 Dodging
 * Level 3.2 Stealth
 * Level 2.7 Spellcasting
   Level 1.1 Transmutations
 * Level 4.4 Earth Magic


You had 8 spell levels left.
You knew the following spells:

 Your Spells              Type           Power        Failure   Level  Hunger
a - Sandblast             Erth           ##....       4%          1    #......

Your spell library contained the following spells:

 Spells                   Type           Power        Failure   Level  Hunger
 Passwall                 Tmut/Erth      #.......     14%         2    ###....
 Stone Arrow              Conj/Erth      #.....       32%         3    ###....
 Petrify                  Tmut/Erth      #.......     65%         4    #####..
 Lee's Rapid Deconstruct  Erth           ##........   77%         5    ######.


Dungeon Overview and Level Annotations

Branches:
Dungeon (2/15)

Altars:


Innate Abilities, Weirdness & Mutations

You cannot be hasted, slowed, berserked, paralysed or teleported.
You can dig through walls and to a lower floor.
Your four strong arms can wield two-handed weapons with a shield.
You have a pair of large antennae on your head. (SInv)


Message History

Aiming: Sandblast (safe; 4% risk of failure)
Press: ? - help, Shift-Dir - straight line, f/p - orc
Aim: an orc, wielding a +0 flail and wearing a +0 chain mail The blast of sand hits the orc but does no damage.
b - 43 stones The orc closely misses you.
Casting: Sandblast (safe; 4% risk of failure)
Confirm with . or Enter, or press ? or * to list all spells.
Aiming: Sandblast (safe; 4% risk of failure)
Press: ? - help, Shift-Dir - straight line, f/p - orc
Aim: an orc, wielding a +0 flail and wearing a +0 chain mail The blast of sand hits the orc but does no damage.
b - 42 stones The orc closely misses you.
The orc priest mumbles some strange prayers to Beogh against you.
Beogh smites you!
* * * LOW HITPOINT WARNING * * *
The orc priest calls down the wrath of Beogh upon you.
Beogh smites you!
You die...

#)# #.#
#........#
#.# #.#
##.##.####
#.# #o#
#..##.# #.#
#o# #.###.#
#.# #.# #.#
#.# #.# #o#
#.# #.# #.#
#.# #.# #.#
#.#
#.####.###.#
#.#
#.@........#
{ #.#
######.#####
#.# #.# #.#
#.# #.# #.#
#.#
#######.#
#.#
#.......#
#.#
#.#######
#.# #.#


You could see an orc priest and 2 orcs.

Vanquished Creatures
  An orc priest (D:3)
  Terence (D:3)
  3 dart slugs (D:1)
  A leopard gecko (D:1)
  2 giant cockroaches (D:1)
  7 goblins (D:1)
  2 hobgoblins (D:1)
  7 kobolds
  2 ball pythons
  6 bats
  5 frilled lizards
  3 rats (D:1)
40 creatures vanquished.

Notes
Turn   | Place    | Note
-------+----------+-------------------------------------------
     0 | D:1      | troglodite the Formicid Earth Elementalist began the quest
                  | for the Orb.
     0 | D:1      | Reached XP level 1. HP: 13/13 MP: 3/3
   370 | D:1      | Reached XP level 2. HP: 6/19 MP: 1/5
   659 | D:1      | Reached skill level 4 in Earth Magic
   921 | D:1      | Reached XP level 3. HP: 24/24 MP: 3/6
  1048 | D:1      | Reached skill level 1 in Short Blades
  1789 | D:2      | Reached skill level 1 in Armour
  1840 | D:2      | You fall through a shaft!
  1840 | D:3      | Noticed Terence
  1907 | D:3      | Killed Terence
  1907 | D:3      | Reached XP level 4. HP: 27/31 MP: 2/7
  2045 | D:3      | Reached XP level 5. HP: 13/36 MP: 6/9
  2269 | D:3      | Killed from afar by an orc priest

Skill      XL: |  1  2  3 |
---------------+----------+-----
Earth Magic    | 4 |  4.4
Short Blades   | 1 |  1.6
Stealth        | 3 |  3.2
Armour         | 1 |  1.6
Fighting       | |  0.8
Dodging        | |  1.9
Spellcasting   | |  2.7
Transmutations | |  1.1

Action                   |  1- 3 |  4- 6 || total
-------------------------+-------+-------++-------
Melee: Dagger            |   178 |    32 ||   210
       Unarmed           |     8 |       ||     8
 Cast: Sandblast         |    21 |     4 ||    25
  Use: Potion            |     1 |       ||     1
 Stab: Sleeping          |     3 |       ||     3
  Eat: Chunk             |     3 |     2 ||     5
Armor: Scale mail        |    11 |       ||    11
       Leather armour    |    65 |     8 ||    73
Dodge: Dodged            |   134 |    16 ||   150
